Match 31798336
Unlisted

Match 31798336
End
Construct Section Command Post
Selects Air and Sea Battlegroup
Dingo Light Scout Car
Vickers Machine Gun Team
Infantry Section
Dingo Light Scout Car
Construct Field Infirmary
Grenade Package
Selects Commando Section Paradrop
Infantry Section
Commando Section Paradrop
Construct Platoon Command Post
Selects Supply Surplus
Selects M1 Pack Howitzer Paradrop
CMP 15cwt Truck
Forward Retreat Point
Unlock M3 Stuart Light Tanks
M3 Stuart Light Tank
M1 Pack Howitzer Paradrop
Selects Centaur Medium Tank
Construct Company Command Post
Crusader II Medium Tank
Selects Naval Bombardment
Naval Bombardment
Microsoft Office PowerPoint
Microsoft Office Excel
Microsoft Office Word
Zeitgeist
New-Sun
bunengren
0
0

Comments sign in to comment!

No comments posted yet!